 Dungeon Crawl Stone Soup version 0.32-a0-558-g233958a4c4 (webtiles) character file.

Game seed: 857622206458327610

983 javelincjr the Grasshopper (level 7, -15/54 HPs)
             Began as a Demonspawn Warper on Feb 29, 2024.
             Killed from afar by a steam dragon (22 damage)
             ... with a ball of steam
             ... on level 6 of the Dungeon.
             The game lasted 00:20:04 (5307 turns).

javelincjr the Grasshopper (Demonspawn Warper)      Turns: 5307, Time: 00:20:05

Health: -15/54     AC:  6    Str: 21    XL:     7   Next: 96%
Magic:  4/4        EV: 13    Int: 13    God:
Gold:   391        SH:  0    Dex: 13    Spells: 9/13 levels left

rFire   x . .        G - +6 spear of Wu Jian {antimagic, rF- Will- Str+8 SInv}
rCold   . . .        (no shield)
rNeg    + + .        C - +2 leather armour {rN+}
rPois   .            (no helmet)
rElec   .            I - +0 cloak
rCorr   +            (no gloves)
SInv    +            (no boots)
Will    .....        (no amulet)
Stlth   +            r - ring "Payranol" {rN+ Will+}
HPRegen 0.29/turn    y - ring of resist corrosion
MPRegen 0.18/turn

%: no passive effects
@: no status effects
A: hooves 1, powered by death 2, magic regeneration
a: no special abilities


You were on level 6 of the Dungeon.
You visited 1 branch of the dungeon, and saw 6 of its levels.

You collected 411 gold pieces.
You spent 20 gold pieces at shops.

Inventory:

Hand Weapons
 e - a +0 sling
 i - a +2 scythe of venom
 G - the +6 spear of Wu Jian (weapon) {antimagic, rF- Will- Str+8 SInv}
   (You found it on level 5 of the Dungeon)

   Str+8:     It affects your strength (+8).
   rF-:       It makes you vulnerable to fire.
   Will-:     It decreases your willpower.
   SInv:      It lets you see invisible.
Missiles
 d - 7 darts of dispersal (quivered)
 u - 12 poisoned darts
Armour
 a - a +0 cloak
 h - a +0 scale mail
 j - a +0 pair of boots
 n - a +0 ring mail
 p - a +0 chain mail
 C - a +2 leather armour of positive energy (worn)
 I - a +0 cloak (worn)
Jewellery
 r - the ring "Payranol" (left hand) {rN+ Will+}
   (You took it off a kobold on level 2 of the Dungeon)

   [ring of positive energy]

   rN+:       It protects you from negative energy.
   Will+:     It increases your willpower.
 y - a ring of resist corrosion (right hand)
Wands
 z - a wand of paralysis (1)
 E - a wand of polymorph (8)
Scrolls
 c - 2 scrolls of blinking
 f - 2 scrolls of revelation {unknown}
 g - a scroll of enchant weapon {unknown}
 k - a scroll of butterflies {unknown}
 l - 3 scrolls of noise
 q - 2 scrolls of identify
 v - a scroll of immolation {unknown}
 w - 3 scrolls of teleportation
 B - 2 scrolls of poison {unknown}
 F - a scroll of fear {unknown}
 H - a scroll of brand weapon {unknown}
Potions
 b - a potion of degeneration {unknown}
 m - 2 potions of curing
 o - a potion of berserk rage {unknown}
 s - 2 potions of resistance
 t - a potion of heal wounds {unknown}
 x - 2 potions of mutation
 A - a potion of magic {unknown}
 D - 2 potions of cancellation


   Skills:
 + Level 4.0 Fighting
 + Level 3.8 Polearms
 - Level 0.8 Throwing
 + Level 3.2 Armour
 + Level 3.7 Dodging
 + Level 3.8 Spellcasting
 + Level 4.3 Translocations
 + Level 1.0 Evocations


You had 9 spell levels left.
You knew the following spells:

 Your Spells              Type           Power      Damage    Failure   Level
a - Blink                 Tloc           26%        N/A       6%          2
b - Lesser Beckoning      Tloc           26%        N/A       6%          2

Your spell library contained the following spells:

 Spells                   Type           Power      Damage    Failure   Level
 Teleport Other           Tloc           13%        N/A       12%         3
 Shock                    Conj/Air       8%         1d3       24%         1
 Manifold Assault         Tloc           13%        N/A       38%         4
 Swiftness                Air            2%         N/A       58%         3
 Vhi's Electric Charge    Tloc/Air       16%        N/A       69%         4
 Airstrike                Air            1%         2d(1-17)  94%         4
 Sculpt Simulacrum        Ice/Alch       1%         N/A       100%        6
 Ozocubu's Refrigeration  Ice            1%         4d7       100%        7
 Polar Vortex             Ice            1%         N/A       100%        9


Dungeon Overview and Level Annotations

Branches:
Dungeon (6/15)             Temple (0/1) D:4

Altars:
Ashenzari
Cheibriados
Gozag
Makhleb
Okawaru
Qazlal
Ru
Trog
Xom
Yredelemnul

Shops:
D:5 *[

Annotations:
D:5 2 runed translucent doors, zenocrate's ghost, novice DsGl


Innate Abilities, Weirdness & Mutations

You have large cloven feet.
You regenerate health from kills.
You regenerate magic rapidly.


Message History

The steam dragon breathes steam at you. The ball of steam misses you.
You see here a cyan potion.
Casting: Blink (safe; 6% risk of failure)
Confirm with . or Enter, or press ? or * to list all spells.
Aiming: Lesser Beckoning (safe; 6% risk of failure)
Press: ? - help, Shift-Dir - straight line, f/p - steam dragon
Aim: a steam dragon (100% to hit)
The steam dragon hurls suddenly forward!
The steam dragon breathes steam at you. The ball of steam hits you!
The steam scalds you terribly!
You closely miss the steam dragon.
You are engulfed in a cloud of scalding steam.
The steam dragon bites you but does no damage.
The steam dragon claws you.
You closely miss the steam dragon.
You are engulfed in a cloud of scalding steam.
The steam dragon bites you. The steam dragon claws you.
You hit the steam dragon but do no damage.
The steam dragon bites you. The steam dragon barely misses you.
You hit the steam dragon.
You kick the steam dragon, but do no damage.
The steam dragon is lightly wounded.
The steam dragon bites you but does no damage.
The steam dragon misses you.
You hit the steam dragon.
The steam dragon is moderately wounded.
A sleepcap comes into view.
The steam dragon breathes steam at you. The ball of steam hits you!!
The steam scalds you terribly!
* * * LOW HITPOINT WARNING * * *
Blink to where?
Press: ? - help, Q - select action, (/) - cycle Dir - move target, p - steam dragon
As you read the scroll of blinking, it crumbles to dust.
The steam dragon breathes steam at you. The ball of steam misses you.
There is a stone staircase leading up here.
The steam dragon breathes steam at you. The ball of steam hits you!!
The steam scalds you terribly!
You die...

....#..............#
....#..)...........#
....#..............#
....+........÷.....#
#...##....##.......#
#..§##....##..>....#
.....D.............#
..........D.§§.....#
..............§§@..#
#######...####+#####
#...#####+#
......... .........
......... .=....=!.
#########


There were no monsters in sight!

Vanquished Creatures
  Sigmund (D:2)
  A black bear (D:4)
  An ogre (D:5)
  A phantom (D:4)
  Blork the orc (D:5)
  2 hounds
  A bombardier beetle (D:2)
  Jessica (D:2)
  Ijyb (D:4)
  Natasha (thrice) (D:4)
  2 iguanas (D:4)
  2 orc wizards
  9 adders
  A shadow imp (D:5)
  7 dart slugs
  10 orcs
  4 endoplasms
  6 giant cockroaches
  6 goblins
  8 hobgoblins
  6 jackals
  2 quokkas
  A ball python (D:2)
  6 bats
  8 frilled lizards
  12 kobolds
  3 rats
106 creatures vanquished.

Notes
Turn   | Place    | Note
-------+----------+-------------------------------------------
     0 | D:1      | javelincjr the Demonspawn Warper began the quest for the
                  | Orb.
     0 | D:1      | Reached XP level 1. HP: 16/16 MP: 3/3
   115 | D:1      | Reached skill level 1 in Armour
   190 | D:1      | Gained mutation: You regenerate magic rapidly. [demonic
                  | ancestry]
   190 | D:1      | Reached XP level 2. HP: 22/22 MP: 5/5
   861 | D:1      | Learned a level 2 spell: Blink
   864 | D:1      | Learned a level 2 spell: Lesser Beckoning
  1020 | D:2      | Noticed a bombardier beetle
  1056 | D:2      | Noticed Jessica
  1128 | D:2      | Reached XP level 3. HP: 24/27 MP: 6/6
  1359 | D:2      | Killed Jessica
  1456 | D:2      | Reached XP level 4. HP: 20/34 MP: 7/7
  1540 | D:2      | Identified the ring "Payranol" {rN+ Will+}
  1759 | D:2      | Noticed Sigmund
  1795 | D:2      | Killed Sigmund
  1796 | D:2      | Gained mutation: You regenerate a little health from kills.
                  | [demonic ancestry]
  1796 | D:2      | Reached XP level 5. HP: 16/41 MP: 7/9
  2111 | D:2      | Gained mutation: You regenerate health from kills. [demonic
                  | ancestry]
  2111 | D:2      | Reached XP level 6. HP: 35/47 MP: 10/10
  3059 | D:3      | Found a sacrificial altar of Ru.
  3096 | D:4      | Noticed Ijyb
  3110 | D:4      | Killed Ijyb
  3234 | D:4      | Found a staircase to the Ecumenical Temple.
  3286 | D:4      | Gained mutation: You have large cloven feet. [demonic
                  | ancestry]
  3286 | D:4      | Reached XP level 7. HP: 44/52 MP: 11/11
  3618 | D:4      | Noticed Natasha
  3620 | D:4      | Killed Natasha
  3717 | D:5      | Entered Level 5 of the Dungeon
  3766 | D:4      | Noticed Natasha
  3773 | D:4      | Killed Natasha
  3906 | D:4      | Noticed Natasha
  3913 | D:4      | Killed Natasha
  3952 | D:5      | Found a large runed translucent door.
  3954 | D:5      | Found a large runed translucent door.
  3960 | D:5      | Noticed zenocrate's ghost (novice DsGl)
  4245 | D:5      | Found Tomuas's Armour Shoppe.
  4331 | D:5      | Identified the +6 spear of Wu Jian {antimagic, rF- Will-
                  | Str+8 SInv}
  4361 | D:5      | Noticed Blork the orc
  4370 | D:5      | Killed Blork the orc
  4577 | D:5      | Found a snail-covered altar of Cheibriados.
  4755 | D:5      | Found a bloodstained altar of Trog.
  4755 | D:5      | Found a burning altar of Makhleb.
  4755 | D:5      | Found a basalt altar of Yredelemnul.
  4755 | D:5      | Found a stormy altar of Qazlal.
  4756 | D:5      | Found a shimmering altar of Xom.
  4758 | D:5      | Found a broken altar of Ashenzari.
  4758 | D:5      | Found an opulent altar of Gozag.
  4758 | D:5      | Found an iron altar of Okawaru.
  4788 | D:5      | Found Dody's Specific Store.
  4788 | D:5      | Found Tamaomewk's General Store.
  4793 | D:5      | Bought a scroll of identify for 20 gold pieces
  5106 | D:6      | Reached skill level 1 in Evocations
  5114 | D:6      | Noticed a steam dragon
  5307 | D:6      | Killed from afar by a steam dragon

Illustrated notes

Levels and vault maps discovered:
D:1:      dpeg_arrival_oval, layout_basic, minmay_tetromino_t4
D:2:      minmay_chambers_of_twos, layout_rooms, nicolae_titane, uniq_sigmund,
          uniq_jessica
D:3:      layout_basic, nicolae_ru_path_of_blood
D:4:      layout_loops_cross, minmay_temple_entry_slanted, st_stairs_5,
          uniq_natasha, uniq_ijyb
D:5:      layout_basic, nicolae_overflows_in_rows,
          gammafunk_temple_overflow_wave, ebering_ghost_disaster_area,
          serial_shops, nicolae_shop_real_fake_doors, nicolae_specific_store,
          corexii_corridor_pit, hangedman_abyss_or_decor_stagger,
          uniq_blork_the_orc
D:6:      layout_gridville

Skill      XL: |  1  2  3  4  5  6  7 |
---------------+----------------------+-----
Armour         | 1 2 3 |  3.2
Polearms       | 2 3 |  3.8
Dodging        | 2 3 |  3.7
Translocations | 3 4 |  4.3
Fighting       | 3 4 |  4.0
Spellcasting   | 3 |  3.8
Evocations     | 1 |  1.0
Throwing       | |  0.8

Action                     |  1- 3 |  4- 6 |  7- 9 || total
---------------------------+-------+-------+-------++-------
  Melee: Spear             |   138 |    51 |    41 ||   230
         Halberd           |       |   123 |    63 ||   186
         Kick              |       |       |     5 ||     5
   Cast: Blink             |       |       |     2 ||     2
         Lesser Beckoning  |       |       |     1 ||     1
  Evoke: Wand              |       |       |     1 ||     1
    Use: Potion            |       |     1 |       ||     1
         Scroll            |       |       |     7 ||     7
   Stab: Sleeping          |     1 |     1 |     1 ||     3
 Armour: Leather armour    |    79 |   101 |    84 ||   264
  Dodge: Dodged            |    75 |   109 |    76 ||   260

Table legend: (Time is in decaauts)
 A = Elapsed time spent in this place.
 B = Non-inter-level travel time spent in this place.
 C = Inter-level travel time spent in this place.
 D = Time resting spent in this place.
 E = Time spent auto-exploring this place.
 F = Levels seen in this place.
 G = Mean time per level.
                   A        B        C        D        E       F      G
               +--------+--------+--------+--------+--------+-----+--------+
         Total |   5364 |   5186 |    178 |    299 |   3588 |   6 |  894.0 |
       Dungeon |   5364 |   5186 |    178 |    299 |   3588 |   6 |  894.0 |
               +--------+--------+--------+--------+--------+-----+--------+

Top non-repeatable levels by time:
     D:5: 1139 daAuts
     D:1: 1124 daAuts
     D:2: 1102 daAuts
     D:4: 888 daAuts
     D:3: 869 daAuts
     D:6: 239 daAuts
